 Dungeon Crawl Stone Soup version 0.29.0-13-gc9e81de378 (webtiles) character file.

Game seed: 3524158191682896675

18 Marcotte the Grave Robber (level 2, 0/19 HPs)
             Began as a Vampire Necromancer on Sept 9, 2022.
             Was a Follower of Wu Jian.
             Slain by Natasha (9 damage)
             ... on level 2 of the Dungeon.
             The game lasted 00:12:11 (1277 turns).

Marcotte the Grave Robber (Vampire Necromancer)     Turns: 1277, Time: 00:12:11

Health: 0/19       AC:  2    Str:  7    XL:     2   Next: 51%
Magic:  5/5        EV: 12    Int: 17    God:    Wu Jian [*.....]
Gold:   44         SH:  0    Dex: 14    Spells: 4/5 levels left

rFire   . . .      SeeInvis +   f - +0 short sword
rCold   . . .      Faith    .   (no shield)
rNeg    . . .      Spirit   .   a - +0 robe
rPois   .          Reflect  .   (no helmet)
rElec   .          Harm     .   (no cloak)
rCorr   .          Rampage  .   (no gloves)
Will    .....                   (no boots)
Stlth   ++........              (no amulet)
HPRegen 0.26/turn               (no ring)
MPRegen 0.09/turn               (no ring)

@: healing quickly, slowed, very slow
A: alive, fangs 3, see invisible, vampiric 1
a: Exsanguinate, Renounce Religion


You were on level 2 of the Dungeon.
You worshipped Wu Jian.
Wu Jian was aware of your devotion.
You visited 1 branch of the dungeon, and saw 2 of its levels.

You collected 44 gold pieces.

Inventory:

Hand Weapons
 f - a +0 short sword (weapon)
Missiles
 k - 2 poisoned darts
 l - a throwing net
Armour
 a - a +0 robe (worn)
Scrolls
 c - a scroll of summoning {unknown}
 d - a scroll of poison {unknown}
 e - a scroll of teleportation {unknown}
Potions
 b - a potion of magic
 g - a potion of degeneration {unknown}
 i - a potion of berserk rage {unknown}
 j - a potion of mutation {unknown}
 m - a potion of resistance {unknown}


   Skills:
 + Level 2.2 Dodging
 + Level 3.3 Stealth
 + Level 2.2 Spellcasting
 + Level 4.9 Necromancy


You had 4 spell levels left.
You knew the following spells:

 Your Spells              Type           Power      Damage    Failure   Level
a - Necrotise             Necr           72%        1d7       2%          1

Your spell library contained the following spells:

 Spells                   Type           Power      Damage    Failure   Level
 Vampiric Draining        Necr           18%        2d7       8%          3
 Animate Dead             Necr           18%        N/A       26%         4
 Agony                    Necr           18%        N/A       56%         5


Dungeon Overview and Level Annotations

Branches:
Dungeon (2/15)

Altars:
Wu Jian

Annotations:
D:2 Natasha


Innate Abilities, Weirdness & Mutations

Your natural rate of healing is accelerated.
You have razor-sharp teeth.
You have supernaturally acute eyesight. (SInv)
You are afflicted with vampirism.


Message History

The helpless rat fails to defend itself.
You hit the rat.
You kill the rat!
The Council accepts your kill.
A rat comes into view.
An endoplasm comes into view.
You spin and attack the rat.
You closely miss the rat. The rat closely misses you.
You spin and attack the rat.
You hit the rat.
You kill the rat!
The Council accepts your kill.
You see here a rat corpse.
m - a sedimented grey potion You open the door.
Natasha, Servant of Life and Death comes into view.
Natasha hisses angrily.
A goblin comes into view. It is wielding a +0 dagger.
Found a sedimented sapphire potion.
Natasha casts a spell.
There is an open door here.
Natasha claws you.
You spin and attack Natasha.
You hit Natasha but do no damage.
Natasha stares at you and mumbles some strange words.
You feel yourself slow down.
You spin and attack Natasha.
You hit Natasha.
Natasha is lightly wounded.
You spin and attack the goblin.
You barely miss the goblin. Natasha closely misses you.
The goblin hits you with a +0 dagger. The white imp gestures at you.
The puff of frost misses you.
You barely miss the goblin. Natasha claws you!
* * * LOW HITPOINT WARNING * * *
The white imp gestures at you. The puff of frost misses you.
The goblin hits you with a +0 dagger.
* * * LOW HITPOINT WARNING * * *
Natasha claws you.
* * * LOW HITPOINT WARNING * * *
The goblin closely misses you.
It was a potion of curing.
You feel better. Natasha claws you!
You die...

#...# #.. ...# ....#
##### #.#### ....#.#...#
#..... ......#!..#
#..... ......#...#
#..... ..........#
#.....
.......gh.#########.####
.^.....@5.'.........#
###...#...#.#########
### ##...... ....
#.####.# .... #.# ...
.... #.# ... ... #+#
###. .. . # .. .##


You could see Natasha, a white imp (summoned) and a goblin.

Vanquished Creatures
  2 dart slugs (D:1)
  A bat (D:1)
  2 goblins (D:1)
  3 jackals (D:1)
  A quokka (D:1)
  A frilled lizard (D:1)
  A kobold (D:1)
  2 rats (D:2)
13 creatures vanquished.

Vanquished Creatures (collateral kills)
  A frilled lizard (D:1)
1 creature vanquished.

Vanquished Creatures (others)
  A plant (D:1)
1 creature vanquished.

Grand Total: 15 creatures vanquished

Notes
Turn   | Place    | Note
-------+----------+-------------------------------------------
     0 | D:1      | Marcotte the Vampire Necromancer began the quest for the
                  | Orb.
     0 | D:1      | Reached XP level 1. HP: 13/13 MP: 3/3
   464 | D:1      | Reached XP level 2. HP: 19/19 MP: 3/5
   671 | D:1      | Found a faded altar of an unknown god.
  1206 | D:1      | Prayed at the altar of an unknown god.
  1206 | D:1      | Became a worshipper of the Wu Jian Council
  1206 | D:1      | Reached * piety under Wu Jian
  1271 | D:2      | Noticed Natasha
  1277 | D:2      | Slain by Natasha

Illustrated notes

Levels and vault maps discovered:
D:1:      minmay_arrival_shattered_statue, layout_basic,
          dilly_ecumenical_altar_fadedgnrine
D:2:      layout_basic, kennysheep_generic_room_12, uniq_sigmund, uniq_natasha

Action                   || total
-------------------------++-------
Melee: Short sword       ||    13
       Bite              ||     2
 Cast: Necrotise         ||    16
Invok: Whirlwind         ||     5
       Lunge             ||     1
 Abil: Exsanguinate      ||     1
  Use: Potion            ||     1
 Stab: Sleeping          ||     2
Armor: Robe              ||     4
Dodge: Dodged            ||    14
